 Dungeon Crawl Stone Soup version 0.28.0-47-ge53b351184 (webtiles) character file.

Game seed: 3320759286051417344

9242 firemarshallily the Summoner (level 11, -1/68 HPs)
             Began as a Merfolk Summoner on Apr 29, 2022.
             Was the Champion of Fedhas.
             Killed from afar by a wretched star (29 damage)
             ... with a lance of force
             ... on level 2 of the Abyss on Apr 30, 2022.
             The game lasted 01:34:51 (13282 turns).

firemarshallily the Summoner (Merfolk Summoner)    Turns: 13282, Time: 01:34:52

Health: -1/68      AC:  6    Str:  9    XL:     11   Next: 43%
Magic:  25/25      EV: 13    Int: 19    God:    Fedhas [******]
Gold:   368        SH:  0    Dex: 14    Spells: 9/30 levels left

rFire   . . .      SeeInvis .   n - +1 spear
rCold   . . .      Faith    .   (no shield)
rNeg    . . .      Spirit   .   G - +1 robe {Archmagi}
rPois   .          Reflect  .   h - +0 helmet
rElec   .          Harm     .   O - +0 cloak
rCorr   +          Rampage  .   (no gloves)
Will    .....      Archmagi +   y - +0 pair of boots
Stlth   ++........              x - amulet of magic regeneration
HPRegen 0.00/turn               g - +4 ring of slaying
MPRegen 0.59/turn               u - ring of resist corrosion

@: about to teleport, sick
A: (nimble swimmer 2), mertail
a: Renounce Religion, Wall of Briars, Grow Ballistomycete, Overgrow, Grow Oklob


You were on level 2 of the Abyss.
You worshipped Fedhas.
Fedhas was exalted by your worship.
You visited 1 branch of the dungeon, and saw 9 of its levels.
You visited the Abyss 1 time.
You also visited: Ossuary.

You collected 368 gold pieces.

Inventory:

Hand Weapons
 n - a +1 spear (weapon)
 q - a +4 quarterstaff of chaos
 w - the +3 war axe of Experimentation {flame, rC- Int+4 Dex+2}
   (You found it on level 8 of the Dungeon)

   It burns those it strikes, dealing additional fire damage.
   Big, fiery blades are also staple armaments of hydra-hunters.
   Int:       It affects your intelligence (+4).
   Dex:       It affects your dexterity (+2).
   rC:        It makes you vulnerable to cold.
Missiles
 e - 34 poisoned darts
 i - 329 stones
 r - 2 atropa-tipped darts
 v - 4 javelins
 B - 6 curare-tipped darts (quivered)
 C - 10 boomerangs
 H - 2 throwing nets
Armour
 b - a +0 leather armour
 f - a +1 robe of cold resistance
 h - a +0 helmet (worn)
 p - the +5 ring mail of Plasticity {+Blink Will+ Str-4 Dex+4}
   (You found it on level 2 of the Dungeon)

   Str:       It affects your strength (-4).
   Dex:       It affects your dexterity (+4).
   +Blink:    It lets you blink.
   Will:      It increases your willpower.
 y - a +0 pair of boots (worn)
 G - a +1 robe of the Archmagi (worn)
 I - +0 acid dragon scales
 J - +0 swamp dragon scales
 O - a +0 cloak (worn)
Jewellery
 g - a +4 ring of slaying (left hand)
 u - a ring of resist corrosion (right hand)
 x - an amulet of magic regeneration (around neck)
 L - a +6 ring of intelligence
 U - an amulet of regeneration
Wands
 l - a wand of polymorph (10)
 A - a wand of iceblast (14)
 E - a wand of acid (3)
 P - a wand of digging (5)
 T - a wand of charming (3)
Scrolls
 a - a scroll of fear
 D - 7 scrolls of teleportation
 F - a scroll of enchant weapon
 K - 2 scrolls of magic mapping {unknown}
 M - a scroll of fog {unknown}
 N - 2 scrolls of blinking {unknown}
 R - a scroll of silence {unknown}
Potions
 c - 7 potions of heal wounds
 d - 6 potions of flight
 j - 4 potions of cancellation
 k - 2 potions of lignification
 m - 3 potions of might
 o - a potion of ambrosia {unknown}
 s - 7 potions of curing
 t - a potion of resistance {unknown}
 z - a potion of brilliance {unknown}
 Q - a potion of haste {unknown}
 S - a potion of mutation {unknown}


   Skills:
 + Level 10.4 Polearms
 - Level 3.1 Dodging
 - Level 2.2 Stealth
 * Level 10.4 Spellcasting
 * Level 11.8 Summonings
 - Level 3.0 Invocations


You had 9 spell levels left.
You knew the following spells:

 Your Spells              Type           Power      Damage    Failure   Level
a - Summon Small Mammal   Summ           100%       N/A       1%          1
b - Call Imp              Summ           70%        N/A       1%          2
c - Call Canine Familiar  Summ           70%        N/A       1%          3
d - Summon Guardian Gole  Hex/Summ       48%        N/A       1%          3
e - Summon Hydra          Summ           35%        N/A       43%         7
f - Summon Lightning Spi  Summ/Air       48%        N/A       6%          4
g - Shock                 Conj/Air       56%        1d6       7%          1

Your spell library contained the following spells:

 Spells                   Type           Power      Damage    Failure   Level
 Static Discharge         Conj/Air       14%        N/A       11%         2
 Sublimation of Blood     Necr           14%        N/A       11%         2
 Wereblood                Tmut           14%        N/A       11%         2
 Swiftness                Air            14%        N/A       22%         3
 Airstrike                Air            7%         N/A       56%         4
 Dispel Undead            Necr           14%        3d10      56%         4
 Sticky Flame             Conj/Fire      14%        2d4       56%         4


Dungeon Overview and Level Annotations

Branches:
Dungeon (9/15)             Temple (0/1) D:7            Lair (0/6) D:8
    Orc (0/2) D:9         Ossuary (visited)

Altars:
Dithmenos
Fedhas
Gozag
Kikubaaqudgha
Nemelex Xobeh
Okawaru
Ru
Vehumet
Xom

Annotations:
D:5 3 runed translucent doors, 5 exclusions, Devon's ghost, novice HuFi; GilGalad's ghost, weakling OpFE; Rudyous's ghost, amateur PaBe
D:9 Psyche


Innate Abilities, Weirdness & Mutations

((You are very nimble when in or above water. (Stealth+, EV+, Speed+++)))
Your lower body shifts to a powerful aquatic tail in water.


Message History

A large abomination comes into view.
The ufetubus hits you. The ufetubus misses you. The ufetubus barely misses you.
The ufetubus hits you.
You feel ill.
You are suddenly pulled into a different region of the Abyss!
The ufetubus disappears in a puff of smoke!
A shadow comes into view.
A thrashing horror comes into view.
Your legs become a tail as you enter the water.
Your +0 pair of boots melds into your body.
A smoke demon comes into view.
The smoke demon roars!
The smoke demon gestures at you. The sticky flame hits you.
A dire elephant skeleton comes into view.
The smoke demon barely misses you. The smoke demon hits you.
The smoke demon misses you. The smoke demon gestures at you.
The ball of steam hits you!
You are engulfed in a cloud of scalding steam.
You are engulfed in a cloud of scalding steam.
You are engulfed in a cloud of scalding steam.
An ancient zyme comes into view.
The smoke demon gestures at you. Something smites you!
Your +0 pair of boots unmelds from your body.
Your legs become a tail as you enter the water.
Your +0 pair of boots melds into your body.
Your +0 pair of boots unmelds from your body.
A small abomination comes into view.
You feel ill.
You feel ill.
A tentacled starspawn comes into view.
As you read the scroll of teleportation, it crumbles to dust.
You feel strangely unstable.
You feel the power of the Abyss delaying your translocation!
A wretched star comes into view.
The wretched star glows turbulently.
The lance of force hits you!!
You die...
Fedhas appreciates your contribution to the ecosystem.

#.#...#.
#.#.... #.....
...
#..#.###.#.. ##
###..#..####...
#...#. .....#
#.#.####...#.#
#..##.##.#.#
.###*.§..##.X .
#.@.#.# #.# #
#§....#.# ..
#.§.#.#... .
##..##.....
.##.####.#. ..
##. #. ## .


You could see a wretched star.

Vanquished Creatures
  Prince Ribbit (D:8)
  Eustachio (D:4)
  Sigmund (D:3)
  A yak (D:8)
  A hornet zombie (Ossuary)
  A black bear (D:7)
  A necrophage (D:5)
  4 lemures
  A centaur (D:8)
  2 phantoms (D:6)
  2 kobold brigands (D:8)
  A wyvern zombie (Ossuary)
  A wight (D:8)
  A centaur zombie (D:8)
  A gnoll shaman (D:6)
  A bullfrog zombie (Ossuary)
  A mummy (Ossuary)
  Crazy Yiuf (D:2)
  An iguana (D:4)
  3 gnolls (D:6)
  4 adders
  A shadow imp (D:6)
  An adder skeleton (D:4)
  A worm (D:3)
  2 orcs
  3 ball pythons
  A bat (D:3)
  A giant cockroach (D:1)
  A quokka (D:4)
  7 kobolds
49 creatures vanquished.

Vanquished Creatures (collateral kills)
  Pikel (D:6)
  Maggie (D:6)
  6 yaks
  Menkaure (D:7)
  Edmund (D:6)
  2 black bears
  2 ice beasts (D:7)
  A hornet zombie (Ossuary)
  A sky beast (D:7)
  2 ogres
  2 necrophages (D:5)
  2 centaurs
  Blork the orc (D:4)
  2 kobold brigands
  A bullfrog (D:7)
  3 gnoll sergeants
  4 wyvern zombies
  3 water moccasin zombies (Ossuary)
  4 scorpions
  A wyvern skeleton (D:5)
  3 killer bees (D:9)
  14 wights
  A water moccasin skeleton (D:6)
  7 howler monkeys
  2 bullfrog zombies
  4 centaur zombies
  4 hounds
  An orc priest (D:9)
  2 bullfrog skeletons (D:6)
  An iguana (D:6)
  2 jellies
  A centaur skeleton (D:7)
  A gnoll shaman (D:6)
  Ijyb (D:4)
  Natasha (twice) (D:4)
  An orc wizard (D:5)
  A statue (D:9)
  3 killer bee zombies
  12 mummies (Ossuary)
  2 howler monkey zombies (Ossuary)
  13 gnolls
  2 howler monkey skeletons
  7 adders
  A white imp (D:5)
  An ufetubus (D:6)
  An adder zombie (D:5)
  3 worms (D:2)
  2 dart slugs
  13 orcs
  4 endoplasms
  8 goblins
  5 hobgoblins
  A jackal (D:6)
  3 quokkas
  6 bats
  4 frilled lizards
  20 kobolds
  A quokka skeleton (D:4)
  4 rats
  A butterfly (D:7)
206 creatures vanquished.

Vanquished Creatures (others)
  Erica (D:8)
  5 yaks
  A gnoll (D:6)
  2 starspawn tentacles (Abyss:2)
  9 withered plants (Ossuary)
18 creatures vanquished.

Grand Total: 273 creatures vanquished

Notes
Turn   | Place    | Note
-------+----------+-------------------------------------------
     0 | D:1      | firemarshallily the Merfolk Summoner began the quest for
                  | the Orb.
     0 | D:1      | Reached XP level 1. HP: 13/13 MP: 3/3
   268 | D:1      | Reached XP level 2. HP: 6/19 MP: 0/5
   508 | D:1      | Found a faded altar of an unknown god.
   523 | D:1      | Prayed at the altar of an unknown god.
   523 | D:1      | Became a worshipper of Fedhas Madash
   523 | D:1      | Reached * piety under Fedhas
   679 | D:1      | Learned a level 2 spell: Call Imp
  1185 | D:1      | Reached XP level 3. HP: 24/24 MP: 3/6
  1189 | D:1      | Learned a level 3 spell: Call Canine Familiar
  1899 | D:2      | You fall into a shaft and drop 1 floor!
  1940 | D:3      | Noticed Sigmund
  1946 | D:2      | Noticed an ogre
  2011 | D:2      | Killed an ogre
  2012 | D:2      | Reached skill level 1 in Invocations
  2012 | D:2      | Reached XP level 4. HP: 13/30 MP: 2/8
  2012 | D:2      | Reached XP level 5. HP: 15/35 MP: 2/9
  2024 | D:2      | Reached skill level 5 in Summonings
  2517 | D:2      | Reached ** piety under Fedhas
  3333 | D:2      | Identified the +5 ring mail of Plasticity {+Blink Will+
                  | Str-4 Dex+4}
  3342 | D:2      | Found a runed translucent door.
  3343 | D:2      | Noticed Crazy Yiuf
  3355 | D:2      | Killed Crazy Yiuf
  3356 | D:2      | Reached XP level 6. HP: 41/41 MP: 1/11
  4093 | D:3      | Killed Sigmund
  4094 | D:3      | Reached skill level 1 in Polearms
  4539 | D:4      | Reached XP level 7. HP: 44/46 MP: 11/13
  4820 | D:4      | Reached skill level 6 in Summonings
  5059 | D:4      | Noticed Ijyb
  5090 | D:4      | Killed Ijyb
  5877 | D:4      | Found a shadowy altar of Dithmenos.
  5903 | D:4      | Noticed Blork the orc
  5907 | D:4      | Noticed Natasha
  5909 | D:4      | Noticed Eustachio
  6064 | D:4      | Killed Natasha
  6069 | D:4      | Learned a level 3 spell: Summon Guardian Golem
  6083 | D:4      | Killed Blork the orc
  6164 | D:4      | Found a shimmering altar of Xom.
  6249 | D:4      | Killed Eustachio
  6250 | D:4      | Reached skill level 5 in Spellcasting
  6250 | D:4      | Reached XP level 8. HP: 30/52 MP: 2/15
  6499 | D:5      | Entered Level 5 of the Dungeon
  6528 | D:5      | Found a runed translucent gate.
  6528 | D:5      | Found a runed translucent gate.
  6528 | D:5      | Found a runed translucent gate.
  6532 | D:5      | Noticed Devon's ghost (novice HuFi)
  6532 | D:5      | Noticed GilGalad's ghost (weakling OpFE)
  6532 | D:5      | Noticed Rudyous's ghost (amateur PaBe)
  6557 | D:5      | Reached *** piety under Fedhas
  6636 | D:5      | Reached skill level 7 in Summonings
  6777 | D:4      | Noticed Natasha
  6804 | D:4      | Killed Natasha
  7083 | D:5      | Reached skill level 5 in Polearms
  7346 | D:5      | Found an ancient bone altar of Kikubaaqudgha.
  8180 | D:6      | Reached skill level 8 in Summonings
  8195 | D:6      | Reached XP level 9. HP: 57/57 MP: 18/18
  8199 | D:6      | Noticed Pikel
  8546 | D:6      | Killed Pikel
  8824 | D:6      | Reached **** piety under Fedhas
  9041 | D:6      | Reached skill level 9 in Summonings
  9280 | D:6      | Noticed Maggie
  9318 | D:6      | Killed Maggie
  9319 | D:6      | Reached XP level 10. HP: 54/63 MP: 19/22
  9536 | D:6      | Noticed Edmund
  9553 | D:6      | Killed Edmund
  9699 | D:6      | Found a sacrificial altar of Ru.
  9929 | D:7      | Noticed Menkaure
  9935 | D:7      | Killed Menkaure
 10158 | D:7      | Reached skill level 10 in Summonings
 10820 | D:7      | Found a staircase to the Ecumenical Temple.
 10831 | D:7      | Found a sparkling altar of Nemelex Xobeh.
 10832 | D:7      | Found an iron altar of Okawaru.
 10836 | D:7      | Found an opulent altar of Gozag.
 10938 | D:8      | Reached ***** piety under Fedhas
 10968 | D:8      | Noticed Prince Ribbit
 10989 | D:8      | Killed Prince Ribbit
 11057 | D:8      | Noticed Erica
 11073 | D:8      | Killed Erica
 11074 | D:8      | Reached skill level 11 in Summonings
 11074 | D:8      | Reached XP level 11. HP: 19/68 MP: 22/24
 11256 | D:8      | Found a sand-covered staircase.
 11365 | Ossuary  | Entered an ossuary
 11530 | Ossuary  | Reached skill level 10 in Spellcasting
 11754 | Ossuary  | Reached skill level 10 in Polearms
 12061 | D:8      | Learned a level 7 spell: Summon Hydra
 12066 | D:8      | Learned a level 4 spell: Summon Lightning Spire
 12068 | D:8      | Learned a level 1 spell: Shock
 12224 | D:8      | Found a staircase to the Lair.
 12505 | D:8      | Identified the +3 war axe of Experimentation {flame, rC-
                  | Int+4 Dex+2}
 12654 | D:9      | Found a staircase to the Orcish Mines.
 12844 | D:9      | Found a radiant altar of Vehumet.
 12926 | D:9      | Reached ****** piety under Fedhas
 12950 | D:9      | Noticed Psyche
 12976 | D:9      | Cast into level 1 of the Abyss (Psyche)
 13061 | Abyss:1  | Noticed a thrashing horror
 13063 | Abyss:1  | Noticed a thrashing horror
 13064 | Abyss:1  | Noticed a sixfirhy
 13104 | Abyss:2  | Noticed a death knight
 13125 | Abyss:2  | Noticed a tentacled starspawn
 13189 | Abyss:2  | Noticed a spatial maelstrom
 13206 | Abyss:2  | Noticed a large abomination
 13230 | Abyss:2  | Noticed a thrashing horror
 13278 | Abyss:2  | Noticed a tentacled starspawn
 13282 | Abyss:2  | Noticed a wretched star
 13282 | Abyss:2  | Killed from afar by a wretched star

Illustrated notes

Levels and vault maps discovered:
D:1:      sevenhm_arrival_forest_fort_large_4, layout_loops_ring,
          basic_ecumenical_altar, hangedman_abyss_or_decor_stabs,
          chequers_serial_rivers_marsh
D:2:      layout_loops_ring, minmay_cut_off, uniq_crazy_yiuf_cottage
D:3:      layout_loops_ring, uniq_sigmund
D:4:      layout_basic, mainiacjoe_overflow_alcove_4,
          mainiacjoe_overflow_cross_hatched, serial_corexii_hall,
          corexii_hall_statues_i, chequers_hall_statues_corner_a,
          minmay_distorted, uniq_blork_the_orc, uniq_natasha, uniq_eustachio,
          uniq_ijyb
D:5:      layout_cave_pools, lemuel_tele_altar, gammafunk_ghost_cemetery,
          minmay_diced_spiral
D:6:      layout_cave_pools, nicolae_ru_path_of_blood, serial_gnoll_camp,
          gnoll_camp_mini_hut, gnoll_camp_mini_loothouse, gnoll_camp_medium_01,
          gnoll_camp_mini_hut, hangedman_abyss_or_decor_jellyfish_corner,
          minmay_bent, uniq_pikel, uniq_edmund, uniq_maggie
D:7:      layout_basic, minitemple, minmay_temple_entry_butterflies,
          uniq_menkaure
D:8:      layout_basic, lair_entry_dummy, nicolae_ossuary_entry_ruins,
          minmay_misc_feat_cross, hangedman_decor_peaks_small,
          kennysheep_generic_room_5, uniq_prince_ribbit1, uniq_erica
D:9:      layout_layer_cave, vehumet_statue, david_orc_2, uniq_psyche
Abyss:2:  base:
Temple

Skill      XL: |  1  2  3  4  5  6  7  8  9 10 11 |
---------------+----------------------------------+-----
Dodging        | 3 |  3.1
Spellcasting   | 3 4 5 6 8 9 10 | 10.4
Invocations    | 1 2 3 |  3.0
Summonings     | 5 6 8 9 11 | 11.8
Polearms       | 1 3 5 7 9 10 | 10.4
Stealth        | |  2.2

Action                   |  1- 3 |  4- 6 |  7- 9 | 10-12 || total
-------------------------+-------+-------+-------+-------++-------
Melee: Unarmed           |    68 |    11 |       |       ||    79
       Punch             |     2 |     2 |     4 |       ||     8
       Spear             |       |    22 |   198 |   168 ||   388
Throw: Dart              |       |     1 |       |     1 ||     2
       Javelin           |       |     1 |       |       ||     1
 Cast: Summon Small Mamm |    48 |    39 |    94 |   108 ||   289
       Call Imp          |    10 |    20 |    30 |    35 ||    95
       Call Canine Famil |       |    12 |    42 |    37 ||    91
       Summon Guardian G |       |       |     6 |     6 ||    12
       Summon Lightning  |       |       |       |    15 ||    15
  Use: Potion            |     2 |       |     1 |       ||     3
       Scroll            |     1 |       |     8 |     8 ||    17
 Stab: Distracted        |     1 |     1 |     2 |     4 ||     8
       Sleeping          |     1 |       |     1 |       ||     2
Armor: Robe              |    19 |    10 |    55 |    38 ||   122
Dodge: Dodged            |    57 |    29 |   139 |    67 ||   292
